 Dungeon Crawl Stone Soup version 0.30-a0-223-gcb0039aa0c (webtiles) character file.

Game seed: 13502870661040421738

1636 qw the Chopper (level 8, -7/49 HPs)
             Began as a Gargoyle Fighter on Oct 9, 2022.
             Was a Follower of Okawaru.
             Mangled by a seven-headed hydra (11 damage)
             ... on level 7 of the Dungeon.
             The game lasted 00:03:48 (5740 turns).

qw the Chopper (Gargoyle Fighter)                   Turns: 5740, Time: 00:03:48

Health: -7/49      AC: 21    Str: 23    XL:     8   Next: 98%
Magic:  9/11       EV:  7    Int:  8    God:    Okawaru [*.....]
Gold:   383        SH: 11    Dex:  9    Spells: 7/7 levels left

rFire   . . .      SeeInvis .    e - +0 morningstar
rCold   . . .      Faith    .    a - +0 kite shield
rNeg    + . .      Spirit   .    b - +0 plate armour
rPois   inf        Reflect  .    (no helmet)
rElec   +          Harm     .    (no cloak)
rCorr   .          Rampage  .    o - +0 pair of gloves
Will    .....                    (no boots)
Stlth   ..........               (no amulet)
HPRegen 0.28/turn                (no ring)
MPRegen 0.12/turn                (no ring)

@: heroic
A: sickness immunity, AC +5, negative energy resistance 1, electricity
resistance, torment resistance 1, petrification resistance
a: Renounce Religion, Heroism


You were on level 7 of the Dungeon.
You worshipped Okawaru.
Okawaru was aware of your devotion.
You visited 1 branch of the dungeon, and saw 7 of its levels.

You collected 383 gold pieces.


Innate Abilities, Weirdness & Mutations

You are immune to sickness and miasma.
Your stone body is resilient. (AC +5)
You are immune to poison.
You resist negative energy. (rN+)
You are resistant to electric shocks. (rElec)
You are resistant to unholy torment.
You are immune to petrification.


   Skills:
 - Level 5.3(10.3) Fighting
 - Level 7.0(12.0) Axes
 - Level 2.4(7.4) Throwing
 - Level 4.0(9.0) Armour
 + Level 0.0(5.0) Dodging
 - Level 6.0(11.0) Shields
 - Level 4.2 Invocations


You had 7 spell levels left.
You didn't know any spells.
Your spell library was empty.

Inventory:

Hand Weapons
 e - a +0 morningstar (weapon)
 Y - a +0 war axe
Missiles
 h - 3 boomerangs (quivered)
Armour
 a - a +0 kite shield (worn)
 b - a +0 plate armour (worn)
 o - a +0 pair of gloves (worn)
Scrolls
 f - 7 scrolls of identify
Potions
 c - a potion of resistance
 d - 3 potions of might
 g - 3 potions of mutation
 i - a potion of lignification
 j - 3 potions of curing

Dungeon Overview and Level Annotations

Branches:
Dungeon (7/15)
 Temple: D:4-7

Altars:
Kikubaaqudgha
Okawaru
Qazlal
Sif Muna
Trog
Vehumet
Xom
The Shining One

Shops:
D:3 :


Message History

The seven-headed hydra bites you but does no damage. x2
The seven-headed hydra completely misses you.
The seven-headed hydra bites you.
The seven-headed hydra bites you but does no damage.
You barely miss the troll.
The troll is lightly wounded.
You feel like a meek peon again. The troll bites you.
The troll claws you but does no damage. You block the troll's attack.
5737 ||| INVOKING Heroism.
You gain the combat prowess of a mighty hero.
The seven-headed hydra bites you.
The seven-headed hydra bites you but does no damage. x3
You block the seven-headed hydra's attack. x2
The seven-headed hydra bites you but does no damage.
You bludgeon the seven-headed hydra!!
The seven-headed hydra is moderately wounded.
The seven-headed hydra bites you but does no damage. x2
The seven-headed hydra closely misses you.
You block the seven-headed hydra's attack.
The seven-headed hydra bites you but does no damage.
The seven-headed hydra bites you.
You block the seven-headed hydra's attack.
You bludgeon the seven-headed hydra!!
The seven-headed hydra is severely wounded.
The seven-headed hydra misses you.
The seven-headed hydra bites you but does no damage.
You block the seven-headed hydra's attack.
The seven-headed hydra bites you but does no damage.
The seven-headed hydra barely misses you.
The seven-headed hydra bites you.
You block the seven-headed hydra's attack.
You completely miss the seven-headed hydra.
The seven-headed hydra is severely wounded.
The seven-headed hydra bites you but does no damage. x2
You block the seven-headed hydra's attack. x2
The seven-headed hydra bites you but does no damage.
You block the seven-headed hydra's attack.
The seven-headed hydra bites you!
You die...

##### ##...##
##.....## #.......#
#<......# #####
#....<..#
#.@.###.......#
#D#..##.......#
###..#..##......#
#....##.##......#
#...PP##.###....##
7P....P##..###.#.##
~........##.###.####
....#P..P.......##
.[####.....####..#


You could see a seven-headed hydra.

Vanquished Creatures
  An orc warrior (D:4)
  A black bear (D:6)
  An ogre (D:6)
  2 phantoms (D:6)
  A centaur (D:5)
  A kobold brigand (D:6)
  2 bullfrogs (D:6)
  4 necrophages
  A scorpion (D:4)
  A gnoll bouda (D:4)
  3 hounds
  An orc priest (D:3)
  4 orc wizards
  5 iguanas
  Ijyb (D:3)
  5 adders
  8 gnolls (D:4)
  4 worms
  A dart slug (D:2)
  10 orcs
  2 bats
  5 endoplasms
  3 giant cockroaches (D:2)
  15 goblins
  5 hobgoblins
  2 jackals (D:1)
  14 kobolds
  3 quokkas
  7 ball pythons
  3 frilled lizards
  5 rats
121 creatures vanquished.

Notes
Turn   | Place    | Note
-------+----------+-------------------------------------------
     0 | D:1      | qw the Gargoyle Fighter began the quest for the Orb.
     0 | D:1      | Reached XP level 1. HP: 14/14 MP: 1/1
     0 | D:1      | 0 ||| qw: Version: 0.2-a-17-g06abaee
     0 | D:1      | 0 ||| qw: Game counter: 2226
     0 | D:1      | 0 ||| qw: Always use a shield: true
     0 | D:1      | 0 ||| qw: God list: Okawaru
     0 | D:1      | 0 ||| qw: Allow faded altars: false
     0 | D:1      | 0 ||| qw: Do Orc after D:15 true
     0 | D:1      | 0 ||| qw: Do second Lair branch before Depths: true
     0 | D:1      | 0 ||| qw: Lair rune preference: random
     0 | D:1      | 0 ||| qw: Plans: Normal, Zot:1-4, God:TSO, Crypt, Tomb,
                  | Pan, Slime:5, Hells, Abyss, Orb
     0 | D:1      | 0 ||| PLANNING D:1-11
    79 | D:1      | Reached skill level 2 in Axes
   112 | D:1      | 112 ||| Stepping ~*~*~tactically~*~*~ (stealth).
   122 | D:1      | Reached XP level 2. HP: 13/19 MP: 2/2
   203 | D:1      | 203 ||| Stepping ~*~*~tactically~*~*~ (stealth).
   210 | D:1      | 210 ||| Stepping ~*~*~tactically~*~*~ (stealth).
   211 | D:1      | 211 ||| Stepping ~*~*~tactically~*~*~ (stealth).
   711 | D:1      | 711 ||| READING scroll labelled PULOD APTEUNOHINK.
   712 | D:1      | 712 ||| READING 2 scrolls labelled VAOTTI PAIG.
   713 | D:1      | 713 ||| READING 2 scrolls labelled UWO JAEHAKANN.
   718 | D:1      | 718 ||| READING scroll labelled LIAPEG TUQE.
   719 | D:1      | 719 ||| READING scroll labelled XYHYNY ECITH.
   720 | D:1      | 720 ||| DROPPING scroll of butterflies.
   763 | D:2      | Reached skill level 3 in Axes
   800 | D:2      | Reached XP level 3. HP: 23/23 MP: 3/3
   922 | D:2      | 922 ||| Stepping ~*~*~tactically~*~*~ (hiding).
  1137 | D:2      | Found a shimmering altar of Xom.
  1523 | D:2      | 1523 ||| UPGRADING to +0 kite shield.
  1533 | D:2      | 1533 ||| DROPPING +0 buckler.
  1534 | D:2      | 1534 ||| UPGRADING to +0 pair of gloves.
  1539 | D:2      | 1539 ||| READING scroll labelled CURRAOFAAGH.
  1540 | D:2      | 1540 ||| READING 3 scrolls labelled JUMYUTRU USU.
  1541 | D:2      | 1541 ||| READING scroll labelled MOINUM AGEGOSK.
  1542 | D:2      | 1542 ||| READING 3 scrolls of identify.
  1542 | D:2      | 1542 ||| IDENTIFYING fizzy inky potion
  1543 | D:2      | 1543 ||| READING 2 scrolls of identify.
  1543 | D:2      | 1543 ||| IDENTIFYING silvery potion
  1544 | D:2      | 1544 ||| DROPPING 2 scrolls of noise.
  1648 | D:3      | 1648 ||| Stepping ~*~*~tactically~*~*~ (stealth).
  1656 | D:3      | Reached XP level 4. HP: 28/28 MP: 4/4
  1793 | D:3      | 1793 ||| Stepping ~*~*~tactically~*~*~ (stealth).
  1839 | D:3      | Noticed Ijyb
  1840 | D:3      | 1840 ||| FLEEEEING.
  1841 | D:3      | 1841 ||| FLEEEEING.
  1842 | D:3      | 1842 ||| FLEEEEING.
  1856 | D:3      | 1856 ||| Stepping ~*~*~tactically~*~*~ (hiding).
  1867 | D:3      | Killed Ijyb
  1953 | D:3      | 1953 ||| Stepping ~*~*~tactically~*~*~ (stealth).
  1958 | D:3      | 1958 ||| FLEEEEING.
  1959 | D:3      | 1959 ||| Stepping ~*~*~tactically~*~*~ (hiding).
  1963 | D:3      | Reached skill level 4 in Axes
  1973 | D:3      | Reached XP level 5. HP: 31/32 MP: 5/5
  1987 | D:3      | 1987 ||| DROPPING +0 club.
  2327 | D:3      | Found a faded altar of an unknown god.
  2368 | D:3      | Found Mina's Book Boutique.
  2554 | D:3      | 2554 ||| UPGRADING to +0 chain mail.
  2564 | D:3      | 2564 ||| DROPPING +0 scale mail.
  2565 | D:3      | 2565 ||| DRINKING 2 puce potions.
  2566 | D:3      | 2566 ||| READING 2 scrolls of identify.
  2566 | D:3      | 2566 ||| IDENTIFYING grey potion
  2567 | D:3      | 2567 ||| DROPPING potion of berserk rage.
  2568 | D:3      | 2568 ||| DROPPING potion of brilliance.
  2646 | D:4      | 2646 ||| Stepping ~*~*~tactically~*~*~ (stealth).
  2647 | D:4      | 2647 ||| Stepping ~*~*~tactically~*~*~ (stealth).
  2665 | D:4      | Reached XP level 6. HP: 34/37 MP: 6/6
  2681 | D:4      | Identified the +2 robe "Qief" {SInv}
  2752 | D:4      | 2752 ||| Stepping ~*~*~tactically~*~*~ (stealth).
  2754 | D:4      | 2754 ||| Stepping ~*~*~tactically~*~*~ (stealth).
  3008 | D:4      | 3008 ||| Stepping ~*~*~tactically~*~*~ (hiding).
  3019 | D:4      | Reached skill level 1 in Throwing
  3102 | D:4      | 3102 ||| DROPPING +0 mace.
  3142 | D:4      | 3142 ||| Stepping ~*~*~tactically~*~*~ (stealth).
  3144 | D:4      | 3144 ||| Stepping ~*~*~tactically~*~*~ (hiding).
  3164 | D:4      | 3164 ||| FLEEEEING.
  3172 | D:4      | 3172 ||| FLEEEEING.
  3176 | D:4      | 3176 ||| FLEEEEING.
  3180 | D:4      | 3180 ||| FLEEEEING.
  3181 | D:4      | 3181 ||| FLEEEEING.
  3182 | D:4      | 3182 ||| FLEEEEING.
  3183 | D:4      | 3183 ||| FLEEEEING.
  3184 | D:4      | 3184 ||| FLEEEEING.
  3185 | D:4      | 3185 ||| FLEEEEING.
  3186 | D:4      | 3186 ||| STAIRDANCE
  3213 | D:3      | 3213 ||| READING scroll labelled IDWEABB ACWI.
  3214 | D:3      | 3214 ||| DRINKING 2 cyan potions.
  3215 | D:3      | 3215 ||| READING 7 scrolls of identify.
  3215 | D:3      | 3215 ||| IDENTIFYING ruby potion
  3216 | D:3      | 3216 ||| READING 6 scrolls of identify.
  3216 | D:3      | 3216 ||| IDENTIFYING fuming white potion
  3217 | D:3      | 3217 ||| DROPPING potion of invisibility.
  3218 | D:3      | 3218 ||| DROPPING potion of magic.
  3219 | D:3      | 3219 ||| DROPPING potion of flight.
  3225 | D:4      | Reached skill level 5 in Axes
  3298 | D:4      | Found a radiant altar of Vehumet.
  3319 | D:4      | Found an ancient bone altar of Kikubaaqudgha.
  3334 | D:4      | 3334 ||| DRINKING potion of curing.
  3334 | D:4      | 3334 ||| (to cure confusion)
  3348 | D:4      | Reached XP level 7. HP: 43/43 MP: 7/7
  3351 | D:4      | Found a shimmering blue altar of Sif Muna.
  3671 | D:4      | 3671 ||| Stepping ~*~*~tactically~*~*~ (stealth).
  3773 | D:4      | 3773 ||| DROPPING +0 flail.
  3781 | D:4      | 3781 ||| UPGRADING to +0 plate armour.
  3791 | D:4      | 3791 ||| DROPPING +0 chain mail.
  3804 | D:5      | Entered Level 5 of the Dungeon
  3853 | D:5      | Found an iron altar of Okawaru.
  3854 | D:5      | 3854 ||| PLANNING OKAWARU WORSHIP
  3854 | D:5      | 3854 ||| READING 5 scrolls of identify.
  3854 | D:5      | 3854 ||| IDENTIFYING fuming coppery potion
  3855 | D:5      | 3855 ||| Stepping randomly (stuck).
  3856 | D:5      | 3856 ||| Stepping randomly (stuck).
  3857 | D:5      | 3857 ||| Stepping randomly (stuck).
  3858 | D:5      | 3858 ||| Stepping randomly (stuck).
  3859 | D:5      | 3859 ||| Stepping randomly (stuck).
  3860 | D:5      | 3860 ||| Stepping randomly (stuck).
  3861 | D:5      | 3861 ||| Stepping randomly (stuck).
  3862 | D:5      | 3862 ||| Stepping randomly (stuck).
  3863 | D:5      | 3863 ||| Stepping randomly (stuck).
  3864 | D:5      | 3864 ||| Stepping randomly (stuck).
  3865 | D:5      | 3865 ||| Stepping randomly (stuck).
  3866 | D:5      | 3866 ||| Stepping randomly (stuck).
  3867 | D:5      | 3867 ||| Stepping randomly (stuck).
  3868 | D:5      | 3868 ||| Stepping randomly (stuck).
  3869 | D:5      | 3869 ||| Stepping randomly (stuck).
  3870 | D:5      | 3870 ||| Stepping randomly (stuck).
  3871 | D:5      | 3871 ||| Stepping randomly (stuck).
  3872 | D:5      | 3872 ||| Stepping randomly (stuck).
  3873 | D:5      | 3873 ||| Stepping randomly (stuck).
  3874 | D:5      | 3874 ||| Stepping randomly (stuck).
  3875 | D:5      | 3875 ||| Stepping randomly (stuck).
  3876 | D:5      | 3876 ||| Stepping randomly (stuck).
  3877 | D:5      | 3877 ||| Stepping randomly (stuck).
  3878 | D:5      | 3878 ||| Stepping randomly (stuck).
  3879 | D:5      | 3879 ||| Stepping randomly (stuck).
  3880 | D:5      | 3880 ||| Stepping randomly (stuck).
  3881 | D:5      | 3881 ||| Stepping randomly (stuck).
  3882 | D:5      | 3882 ||| Stepping randomly (stuck).
  3883 | D:5      | 3883 ||| Stepping randomly (stuck).
  3884 | D:5      | 3884 ||| Stepping randomly (stuck).
  3885 | D:5      | 3885 ||| Stepping randomly (stuck).
  3886 | D:5      | 3886 ||| Stepping randomly (stuck).
  3887 | D:5      | 3887 ||| Stepping randomly (stuck).
  3888 | D:5      | 3888 ||| Stepping randomly (stuck).
  3889 | D:5      | 3889 ||| Stepping randomly (stuck).
  3890 | D:5      | 3890 ||| Stepping randomly (stuck).
  3891 | D:5      | 3891 ||| Stepping randomly (stuck).
  3892 | D:5      | 3892 ||| Stepping randomly (stuck).
  3893 | D:5      | 3893 ||| Stepping randomly (stuck).
  3894 | D:5      | 3894 ||| Stepping randomly (stuck).
  3895 | D:5      | 3895 ||| Stepping randomly (stuck).
  3896 | D:5      | 3896 ||| Stepping randomly (stuck).
  3897 | D:5      | 3897 ||| Stepping randomly (stuck).
  3898 | D:5      | 3898 ||| Stepping randomly (stuck).
  3899 | D:5      | 3899 ||| Stepping randomly (stuck).
  3900 | D:5      | 3900 ||| Stepping randomly (stuck).
  3901 | D:5      | 3901 ||| Stepping randomly (stuck).
  3902 | D:5      | 3902 ||| Stepping randomly (stuck).
  3903 | D:5      | 3903 ||| Stepping randomly (stuck).
  3904 | D:5      | 3904 ||| Stepping randomly (stuck).
  3905 | D:5      | 3905 ||| FLEEEEING.
  3906 | D:5      | 3906 ||| FLEEEEING.
  3907 | D:5      | 3907 ||| FLEEEEING.
  3908 | D:5      | 3908 ||| FLEEEEING.
  3909 | D:5      | 3909 ||| FLEEEEING.
  3910 | D:5      | 3910 ||| FLEEEEING.
  3911 | D:5      | 3911 ||| FLEEEEING.
  3912 | D:5      | 3912 ||| FLEEEEING.
  3913 | D:5      | 3913 ||| FLEEEEING.
  3914 | D:5      | 3914 ||| FLEEEEING.
  3915 | D:5      | 3915 ||| STAIRDANCE
  3921 | D:5      | Reached skill level 6 in Axes
  3921 | D:5      | 3921 ||| STAIRDANCE
  3925 | D:5      | 3925 ||| STAIRDANCE
  3929 | D:5      | 3929 ||| STAIRDANCE
  3933 | D:5      | 3933 ||| STAIRDANCE
  3937 | D:5      | 3937 ||| STAIRDANCE
  3941 | D:5      | 3941 ||| STAIRDANCE
  3945 | D:5      | 3945 ||| STAIRDANCE
  3949 | D:5      | 3949 ||| STAIRDANCE
  3953 | D:5      | 3953 ||| STAIRDANCE
  3957 | D:5      | 3957 ||| STAIRDANCE
  3961 | D:5      | 3961 ||| STAIRDANCE
  3965 | D:5      | 3965 ||| STAIRDANCE
  3969 | D:5      | 3969 ||| STAIRDANCE
  3973 | D:5      | 3973 ||| STAIRDANCE
  3977 | D:5      | 3977 ||| STAIRDANCE
  3981 | D:5      | 3981 ||| STAIRDANCE
  3985 | D:5      | 3985 ||| STAIRDANCE
  3989 | D:5      | 3989 ||| STAIRDANCE
  3993 | D:5      | 3993 ||| STAIRDANCE
  3997 | D:5      | 3997 ||| Stepping randomly (stuck).
  3998 | D:5      | 3998 ||| FLEEEEING.
  4000 | D:5      | 4000 ||| Stepping randomly (stuck).
  4002 | D:5      | 4002 ||| Stepping randomly (stuck).
  4004 | D:5      | 4004 ||| Stepping randomly (stuck).
  4006 | D:5      | 4006 ||| Stepping randomly (stuck).
  4008 | D:5      | 4008 ||| Stepping randomly (stuck).
  4009 | D:5      | 4009 ||| Stepping randomly (stuck).
  4010 | D:5      | 4010 ||| Stepping randomly (stuck).
  4011 | D:5      | 4011 ||| Stepping randomly (stuck).
  4012 | D:5      | 4012 ||| Stepping randomly (stuck).
  4013 | D:5      | 4013 ||| Stepping randomly (stuck).
  4014 | D:5      | 4014 ||| Stepping randomly (stuck).
  4015 | D:5      | 4015 ||| Stepping randomly (stuck).
  4016 | D:5      | 4016 ||| Stepping randomly (stuck).
  4017 | D:5      | 4017 ||| Stepping randomly (stuck).
  4018 | D:5      | 4018 ||| Stepping randomly (stuck).
  4019 | D:5      | 4019 ||| Stepping randomly (stuck).
  4020 | D:5      | 4020 ||| Stepping randomly (stuck).
  4021 | D:5      | 4021 ||| Stepping randomly (stuck).
  4022 | D:5      | 4022 ||| Stepping randomly (stuck).
  4023 | D:5      | 4023 ||| Stepping randomly (stuck).
  4024 | D:5      | 4024 ||| Stepping randomly (stuck).
  4025 | D:5      | 4025 ||| Stepping randomly (stuck).
  4026 | D:5      | 4026 ||| Stepping randomly (stuck).
  4027 | D:5      | 4027 ||| Stepping randomly (stuck).
  4028 | D:5      | 4028 ||| Stepping randomly (stuck).
  4029 | D:5      | 4029 ||| Stepping randomly (stuck).
  4030 | D:5      | 4030 ||| Stepping randomly (stuck).
  4031 | D:5      | 4031 ||| Stepping randomly (stuck).
  4032 | D:5      | 4032 ||| Stepping randomly (stuck).
  4033 | D:5      | 4033 ||| Stepping randomly (stuck).
  4034 | D:5      | 4034 ||| Stepping randomly (stuck).
  4035 | D:5      | 4035 ||| Stepping randomly (stuck).
  4036 | D:5      | 4036 ||| Stepping randomly (stuck).
  4037 | D:5      | 4037 ||| Stepping randomly (stuck).
  4038 | D:5      | 4038 ||| Stepping randomly (stuck).
  4039 | D:5      | 4039 ||| Stepping randomly (stuck).
  4040 | D:5      | 4040 ||| Stepping randomly (stuck).
  4041 | D:5      | 4041 ||| Stepping randomly (stuck).
  4042 | D:5      | 4042 ||| Stepping randomly (stuck).
  4043 | D:5      | 4043 ||| Stepping randomly (stuck).
  4044 | D:5      | 4044 ||| Stepping randomly (stuck).
  4045 | D:5      | 4045 ||| Stepping randomly (stuck).
  4046 | D:5      | 4046 ||| Stepping randomly (stuck).
  4047 | D:5      | 4047 ||| Stepping randomly (stuck).
  4048 | D:5      | 4048 ||| Stepping randomly (stuck).
  4049 | D:5      | 4049 ||| Stepping randomly (stuck).
  4050 | D:5      | 4050 ||| Stepping randomly (stuck).
  4051 | D:5      | 4051 ||| Stepping randomly (stuck).
  4052 | D:5      | 4052 ||| Stepping randomly (stuck).
  4053 | D:5      | 4053 ||| Stepping randomly (stuck).
  4054 | D:5      | 4054 ||| READING 3 scrolls of teleportation.
  4058 | D:5      | 4058 ||| READING 2 scrolls of teleportation.
  4062 | D:5      | 4062 ||| READING scroll of teleportation.
  4067 | D:5      | 4067 ||| Stepping randomly (stuck).
  4068 | D:5      | 4068 ||| Stepping randomly (stuck).
  4069 | D:5      | 4069 ||| Stepping randomly (stuck).
  4070 | D:5      | 4070 ||| Stepping randomly (stuck).
  4071 | D:5      | 4071 ||| Stepping randomly (stuck).
  4072 | D:5      | 4072 ||| Stepping randomly (stuck).
  4073 | D:5      | 4073 ||| Stepping randomly (stuck).
  4074 | D:5      | 4074 ||| Stepping randomly (stuck).
  4075 | D:5      | 4075 ||| Stepping randomly (stuck).
  4076 | D:5      | 4076 ||| Stepping randomly (stuck).
  4077 | D:5      | 4077 ||| Stepping randomly (stuck).
  4078 | D:5      | 4078 ||| Stepping randomly (stuck).
  4079 | D:5      | 4079 ||| Stepping randomly (stuck).
  4080 | D:5      | 4080 ||| Stepping randomly (stuck).
  4081 | D:5      | 4081 ||| Stepping randomly (stuck).
  4082 | D:5      | 4082 ||| Stepping randomly (stuck).
  4083 | D:5      | 4083 ||| Stepping randomly (stuck).
  4084 | D:5      | 4084 ||| Stepping randomly (stuck).
  4085 | D:5      | 4085 ||| Stepping randomly (stuck).
  4086 | D:5      | 4086 ||| Stepping randomly (stuck).
  4087 | D:5      | 4087 ||| Stepping randomly (stuck).
  4088 | D:5      | 4088 ||| Stepping randomly (stuck).
  4089 | D:5      | 4089 ||| Stepping randomly (stuck).
  4090 | D:5      | 4090 ||| Stepping randomly (stuck).
  4091 | D:5      | 4091 ||| Stepping randomly (stuck).
  4092 | D:5      | 4092 ||| Stepping randomly (stuck).
  4093 | D:5      | 4093 ||| Stepping randomly (stuck).
  4094 | D:5      | 4094 ||| Stepping randomly (stuck).
  4095 | D:5      | 4095 ||| Stepping randomly (stuck).
  4096 | D:5      | 4096 ||| Stepping randomly (stuck).
  4097 | D:5      | 4097 ||| Stepping randomly (stuck).
  4098 | D:5      | 4098 ||| Stepping randomly (stuck).
  4099 | D:5      | 4099 ||| Stepping randomly (stuck).
  4100 | D:5      | 4100 ||| Stepping randomly (stuck).
  4101 | D:5      | 4101 ||| Stepping randomly (stuck).
  4102 | D:5      | 4102 ||| Stepping randomly (stuck).
  4103 | D:5      | 4103 ||| Stepping randomly (stuck).
  4104 | D:5      | 4104 ||| Stepping randomly (stuck).
  4105 | D:5      | 4105 ||| Stepping randomly (stuck).
  4106 | D:5      | 4106 ||| Stepping randomly (stuck).
  4107 | D:5      | 4107 ||| Stepping randomly (stuck).
  4108 | D:5      | 4108 ||| Stepping randomly (stuck).
  4109 | D:5      | 4109 ||| Stepping randomly (stuck).
  4110 | D:5      | 4110 ||| Stepping randomly (stuck).
  4111 | D:5      | 4111 ||| Stepping randomly (stuck).
  4112 | D:5      | 4112 ||| Stepping randomly (stuck).
  4113 | D:5      | 4113 ||| Stepping randomly (stuck).
  4114 | D:5      | 4114 ||| Stepping randomly (stuck).
  4115 | D:5      | 4115 ||| Stepping randomly (stuck).
  4116 | D:5      | 4116 ||| Stepping randomly (stuck).
  4117 | D:5      | 4117 ||| Stepping randomly (stuck).
  4118 | D:5      | 4118 ||| Stepping randomly (stuck).
  4119 | D:5      | 4119 ||| Stepping randomly (stuck).
  4120 | D:5      | 4120 ||| Stepping randomly (stuck).
  4121 | D:5      | 4121 ||| Stepping randomly (stuck).
  4122 | D:5      | 4122 ||| Stepping randomly (stuck).
  4123 | D:5      | 4123 ||| Stepping randomly (stuck).
  4124 | D:5      | 4124 ||| Stepping randomly (stuck).
  4125 | D:5      | 4125 ||| Stepping randomly (stuck).
  4126 | D:5      | 4126 ||| Stepping randomly (stuck).
  4127 | D:5      | 4127 ||| Stepping randomly (stuck).
  4128 | D:5      | 4128 ||| Stepping randomly (stuck).
  4129 | D:5      | 4129 ||| Stepping randomly (stuck).
  4130 | D:5      | 4130 ||| Stepping randomly (stuck).
  4131 | D:5      | 4131 ||| Stepping randomly (stuck).
  4132 | D:5      | 4132 ||| Stepping randomly (stuck).
  4133 | D:5      | 4133 ||| Stepping randomly (stuck).
  4134 | D:5      | 4134 ||| Stepping randomly (stuck).
  4135 | D:5      | 4135 ||| Stepping randomly (stuck).
  4136 | D:5      | 4136 ||| Stepping randomly (stuck).
  4137 | D:5      | 4137 ||| Stepping randomly (stuck).
  4138 | D:5      | 4138 ||| Stepping randomly (stuck).
  4139 | D:5      | 4139 ||| Stepping randomly (stuck).
  4140 | D:5      | 4140 ||| Stepping randomly (stuck).
  4141 | D:5      | 4141 ||| Stepping randomly (stuck).
  4142 | D:5      | 4142 ||| Stepping randomly (stuck).
  4143 | D:5      | 4143 ||| Stepping randomly (stuck).
  4144 | D:5      | 4144 ||| Stepping randomly (stuck).
  4145 | D:5      | 4145 ||| Stepping randomly (stuck).
  4146 | D:5      | 4146 ||| Stepping randomly (stuck).
  4147 | D:5      | 4147 ||| FLEEEEING.
  4148 | D:5      | 4148 ||| FLEEEEING.
  4149 | D:5      | 4149 ||| FLEEEEING.
  4151 | D:5      | 4151 ||| FLEEEEING.
  4152 | D:5      | 4152 ||| FLEEEEING.
  4153 | D:5      | 4153 ||| FLEEEEING.
  4154 | D:5      | 4154 ||| FLEEEEING.
  4155 | D:5      | 4155 ||| FLEEEEING.
  4156 | D:5      | 4156 ||| FLEEEEING.
  4157 | D:5      | 4157 ||| FLEEEEING.
  4158 | D:5      | 4158 ||| FLEEEEING.
  4159 | D:5      | 4159 ||| FLEEEEING.
  4160 | D:5      | 4160 ||| FLEEEEING.
  4161 | D:5      | 4161 ||| FLEEEEING.
  4162 | D:5      | 4162 ||| FLEEEEING.
  4199 | D:5      | Became a worshipper of Warmaster Okawaru
  4200 | D:5      | 4200 ||| PLANNING D:1-11
  4463 | D:5      | 4463 ||| Stepping ~*~*~tactically~*~*~ (stealth).
  4465 | D:5      | 4465 ||| Stepping ~*~*~tactically~*~*~ (stealth).
  4469 | D:5      | Found a bloodstained altar of Trog.
  4472 | D:5      | 4472 ||| Stepping ~*~*~tactically~*~*~ (stealth).
  4572 | D:5      | Reached skill level 6 in Shields
  4673 | D:5      | 4673 ||| READING scroll labelled OLUSCH GUHIEGGO.
  4707 | D:5      | 4707 ||| DRINKING 2 sapphire potions.
  4770 | D:6      | Reached XP level 8. HP: 46/48 MP: 8/8
  4819 | D:6      | 4819 ||| Stepping ~*~*~tactically~*~*~ (stealth).
  4839 | D:6      | Reached * piety under Okawaru
  4840 | D:6      | 4840 ||| INVOKING Heroism.
  4840 | D:6      | HP: 11/48 [ogre/+0 giant spiked club (14)]
  4845 | D:6      | Reached skill level 1 in Invocations
  4974 | D:6      | Found a stormy altar of Qazlal.
  5152 | D:6      | Found a glowing golden altar of the Shining One.
  5167 | D:6      | 5167 ||| INVOKING Heroism.
  5259 | D:6      | 5259 ||| Stepping ~*~*~tactically~*~*~ (stealth).
  5348 | D:6      | Reached skill level 3 in Invocations
  5355 | D:6      | 5355 ||| INVOKING Heroism.
  5368 | D:6      | 5368 ||| INVOKING Heroism.
  5371 | D:6      | Reached skill level 7 in Axes
  5455 | D:6      | 5455 ||| INVOKING Heroism.
  5722 | D:7      | Found the +1 robe of Vines {NoPotionHeal Regen++++}
  5723 | D:7      | Noticed a troll
  5724 | D:7      | 5724 ||| INVOKING Heroism.
  5725 | D:7      | Noticed a seven-headed hydra
  5729 | D:7      | 5729 ||| SWAPPING to +0 morningstar.
  5731 | D:7      | 5731 ||| Stepping ~*~*~tactically~*~*~ (outnumbered).
  5734 | D:7      | 5734 ||| Stepping ~*~*~tactically~*~*~ (outnumbered).
  5735 | D:7      | 5735 ||| Stepping ~*~*~tactically~*~*~ (outnumbered).
  5736 | D:7      | HP: 12/49 [troll (3)]
  5737 | D:7      | 5737 ||| INVOKING Heroism.
  5738 | D:7      | HP: 5/49 [seven-headed hydra (5)]
  5740 | D:7      | Mangled by a seven-headed hydra

Levels and vault maps discovered:
D:1:      minmay_arrival_four_loops, layout_basic, serial_glass,
          glass_columns_a, glass_columns_a
D:2:      cheibrodos_greedy_goblins, layout_loops_ring, basic_altar
D:3:      layout_basic, basic_ecumenical_altar, serial_shops,
          nicolae_square_shop, uniq_ijyb
D:4:      kennysheep_six_static_rooms, layout_loops_ring,
          palyth_temple_overflow_mages
D:5:      layout_gridville, mainiacjoe_overflow_brackets, trog_hazing_becter
D:6:      layout_rooms, mainiacjoe_overflow_large_starburst,
          kennysheep_generic_room_11
D:7:      layout_cave_pods, mainiacjoe_overflow_alcove_4,
          minmay_temple_entry_enclosed_plants, hellmonk_guarded_unrand_vines

Skill      XL: |  1  2  3  4  5  6  7  8 |
---------------+-------------------------+-----
Axes           | 2 3 4 5 6 7 |  7.0
Shields        | 4 5 6 |  6.0
Throwing       | 1 2 |  2.4
Fighting       | 4 5 |  5.3
Armour         | 4 |  4.0
Invocations    | 4 |  4.2

Action                   |  1- 3 |  4- 6 |  7- 9 || total
-------------------------+-------+-------+-------++-------
Melee: War axe           |   126 |   168 |   187 ||   481
       Morningstar       |       |       |     7 ||     7
Throw: Javelin           |       |     5 |     8 ||    13
       Boomerang         |       |       |     5 ||     5
Invok: Heroism           |       |       |     7 ||     7
  Use: Scroll            |    10 |     4 |     5 ||    19
       Potion            |       |     3 |     1 ||     4
Armor: Scale mail        |    82 |    18 |       ||   100
       Chain mail        |       |    70 |    37 ||   107
       Plate armour      |       |       |   144 ||   144
Dodge: Dodged            |    53 |    46 |    55 ||   154
Block: Buckler           |    19 |       |       ||    19
       Kite shield       |    12 |    74 |    95 ||   181

Table legend:
 A = Non-vault XP
 B = Vault XP
 C = Vault XP percentage of total XP
 D = Non-vault monster count
 E = Vault monster count
 F = Vault count percentage of total count
                 A         B        C        D         E       F
            +---------+---------+-------+---------+---------+-------
      Total |    2147 |     191 |   8.2 |      97 |      24 |  19.8
            +---------+---------+-------+---------+---------+-------
        D:1 |      25 |       0 |   0.0 |      16 |       0 |   0.0
        D:2 |      24 |      16 |  40.0 |      10 |       8 |  44.4
        D:3 |     102 |      33 |  24.4 |      18 |       1 |   5.3
        D:4 |     562 |     131 |  18.9 |      23 |       9 |  28.1
        D:5 |     285 |      11 |   3.7 |       6 |       6 |  50.0
        D:6 |    1149 |       0 |   0.0 |      24 |       0 |   0.0
            +---------+---------+-------+---------+---------+-------
